TOP OF THE 1ST |
---|
Richmond Flairs batting - Pitching for Indiana Hounds : LHP Ken Johnston | Pitching: LHP Ken Johnston | | Batting: LHB Roland Jones | 0-0: Ball 1-0: SINGLE (Groundball, 23) (infield hit) | Batting: RHB David Suarze | 0-0: Foul Ball, location: 2F 0-1: Ball 1-1: Ball 2-1: Called Strike 2-2: Fly out, F3 (Popup, 3SF) | Batting: RHB Lonson Seals | 0-0: Ball 1-0: Called Strike 1-1: Called Strike 1-2: Ball 2-2: Fly out, F5 (Line Drive, 5) | Batting: RHB R.J. Crosby | 0-0: Ball 1-0: Foul Ball, location: 2F 1-1: Swinging Strike 1-2: Foul Ball, location: 2F 1-2: Ground out 4-3 (Groundball, 34) | Top of the 1st over - 0 runs, 1 hit, 0 errors, 1 left on base; Richmond 0 - Indiana 0 | BOTTOM OF THE 1ST |
---|
Indiana Hounds batting - Pitching for Richmond Flairs : RHP Manny Silva | Pitching: RHP Manny Silva | | Batting: RHB Octávio Zúñiga | 0-0: Ball 1-0: Reached on error, E5 (Groundball, 5) | Batting: RHB Víctor Márquez | 0-0: Ball 1-0: SINGLE (Line Drive, 6MD) Octávio Zúñiga to third Runner from 3rd tries for Home, SAFE, no throw | Batting: RHB Juan Jose Guevana | 0-0: Ball 1-0: Foul Ball, location: 2F 1-1: Ball 2-1: Foul Ball, location: 2F 2-2: Ground out 5-3 (Groundball, 25) Víctor Márquez to second | Batting: LHB Jim Clemente | 0-0: Ball 1-0: Ball 2-0: Ball 3-0: Called Strike 3-1: 2-RUN HOME RUN (Flyball, 9D), Distance : 357 ft | Batting: RHB Roberto Cardona | 0-0: Ground out 5-3 (Groundball, 5) | Batting: LHB Pepe Vázquez | 0-0: Called Strike 0-1: Fly out, F8 (Flyball, 8RD) | Bottom of the 1st over - 3 runs, 2 hits, 1 error, 0 left on base; Richmond 0 - Indiana 3 | TOP OF THE 2ND |
---|
Richmond Flairs batting - Pitching for Indiana Hounds : LHP Ken Johnston | Batting: LHB Claudio Rodríguez | 0-0: Ball 1-0: Foul Ball, location: 2F 1-1: SINGLE (Line Drive, 34D) | Batting: RHB Christian Hudson | 0-0: Ball 1-0: Foul Ball, location: 2F 1-1: Called Strike 1-2: Strikes out swinging | Batting: LHB R.J. Courtney | 0-0: Ball 1-0: Ball 2-0: Ball 3-0: Base on Balls Claudio Rodríguez to second | Batting: RHB Alejandro Ramos | 0-0: Ball 1-0: Grounds into double play, 5-4-3 (Groundball, 56) | Top of the 2nd over - 0 runs, 1 hit, 0 errors, 1 left on base; Richmond 0 - Indiana 3 | BOTTOM OF THE 2ND |
---|
Indiana Hounds batting - Pitching for Richmond Flairs : RHP Manny Silva | Batting: LHB Mario Álvarez | 0-0: Called Strike 0-1: SINGLE (Line Drive, 34D) | Batting: RHB Bob Lazzeri | 0-0: SINGLE (Groundball, 34S) (infield hit) Mario Álvarez to second | Batting: RHB Anastasio Movonda | 0-0: Foul Ball, location: 2F 0-1: Ball 1-1: Swinging Strike 1-2: Ball 2-2: Foul Ball, location: 2F 2-2: Strikes out looking | Batting: RHB Octávio Zúñiga | 0-0: Foul Ball, location: 2F 0-1: Fly out, F7 (Flyball, 7) | Batting: RHB Víctor Márquez | 0-0: Foul Ball, location: 2F 0-1: Foul Ball, location: 2F 0-2: Ball 1-2: Strikes out swinging | Bottom of the 2nd over - 0 runs, 2 hits, 0 errors, 2 left on base; Richmond 0 - Indiana 3 | TOP OF THE 3RD |
---|
Richmond Flairs batting - Pitching for Indiana Hounds : LHP Ken Johnston | Batting: LHB José Garza | 0-0: Ball 1-0: Called Strike 1-1: Called Strike 1-2: Fly out, F9 (Flyball, 9) | Batting: LHB Roland Jones | 0-0: Ball 1-0: Ground out 5-3 (Groundball, 56S) | Batting: RHB David Suarze | 0-0: Fly out, F7 (Flyball, 78S) | Top of the 3rd over - 0 runs, 0 hits, 0 errors, 0 left on base; Richmond 0 - Indiana 3 | BOTTOM OF THE 3RD |
---|
Indiana Hounds batting - Pitching for Richmond Flairs : RHP Manny Silva | Batting: RHB Juan Jose Guevana | 0-0: Called Strike 0-1: Ball 1-1: Swinging Strike 1-2: Strikes out swinging | Batting: LHB Jim Clemente | 0-0: Ball 1-0: Foul Ball, location: 2F 1-1: Swinging Strike 1-2: Foul Ball, location: 2F 1-2: Ball 2-2: Ball 3-2: Foul Ball, location: 2F 3-2: Strikes out swinging | Batting: RHB Roberto Cardona | 0-0: Called Strike 0-1: Ground out 4-3 (Groundball, 4MD) | Bottom of the 3rd over - 0 runs, 0 hits, 0 errors, 0 left on base; Richmond 0 - Indiana 3 | TOP OF THE 4TH |
---|
Richmond Flairs batting - Pitching for Indiana Hounds : LHP Ken Johnston | Batting: RHB Lonson Seals | 0-0: Ball 1-0: Swinging Strike 1-1: Ball 2-1: Foul Ball, location: 2F 2-2: Ball 3-2: Strikes out looking | Batting: RHB R.J. Crosby | 0-0: Called Strike 0-1: Ball 1-1: Foul Ball, location: 2F 1-2: Ball 2-2: Ball 3-2: Foul Ball, location: 2F 3-2: Foul Ball, location: 2F 3-2: Foul Ball, location: 2F 3-2: Base on Balls | Batting: LHB Claudio Rodríguez | 0-0: Foul Ball, location: 2F 0-1: Ball 1-1: 2-RUN HOME RUN (Flyball, 9LD), Distance : 324 ft | Batting: RHB Christian Hudson | 0-0: Ball 1-0: Ball 2-0: Foul Ball, location: 2F 2-1: Foul Ball, location: 2F 2-2: Foul Ball, location: 2F 2-2: Ball 3-2: Ground out 4-3 (Groundball, 4MD) | Batting: LHB R.J. Courtney | 0-0: Ball 1-0: Called Strike 1-1: Foul Ball, location: 2F 1-2: Ball 2-2: Foul Ball, location: 2F 2-2: Strikes out swinging | Top of the 4th over - 2 runs, 1 hit, 0 errors, 0 left on base; Richmond 2 - Indiana 3 | BOTTOM OF THE 4TH |
---|
Indiana Hounds batting - Pitching for Richmond Flairs : RHP Manny Silva | Batting: LHB Pepe Vázquez | 0-0: Foul Ball, location: 2F 0-1: Foul Ball, location: 2F 0-2: Strikes out swinging | Batting: LHB Mario Álvarez | 0-0: Swinging Strike 0-1: Ball 1-1: SINGLE (Groundball, 5S) (infield hit) | Batting: RHB Bob Lazzeri | 0-0: Called Strike 0-1: Ball 1-1: SINGLE (Groundball, 56D) Mario Álvarez to second | Batting: RHB Anastasio Movonda | 0-0: Called Strike 0-1: Ball 1-1: Ball 2-1: Fielders Choice at 2nd, 5-4 (Groundball, 56) Mario Álvarez to third | Batting: RHB Octávio Zúñiga | 0-0: Foul Ball, location: 2F 0-1: Ball 1-1: Ball 2-1: Fly out, F5 (Line Drive, 5) | Bottom of the 4th over - 0 runs, 2 hits, 0 errors, 2 left on base; Richmond 2 - Indiana 3 | TOP OF THE 5TH |
---|
Richmond Flairs batting - Pitching for Indiana Hounds : LHP Ken Johnston | Batting: RHB Alejandro Ramos | 0-0: Ball 1-0: Ground out 5-3 (Groundball, 56) | Batting: LHB José Garza | 0-0: Swinging Strike 0-1: Called Strike 0-2: Strikes out swinging | Batting: LHB Roland Jones | 0-0: Ball 1-0: Called Strike 1-1: Foul Ball, location: 2F 1-2: Ball 2-2: Ball 3-2: Base on Balls | Batting: RHB David Suarze | 0-0: Called Strike 0-1: Called Strike 0-2: Ball 1-2: TRIPLE (Line Drive, 89XD) Roland Jones scores | Batting: RHB Lonson Seals | 0-0: Ball 1-0: Ball 2-0: Called Strike 2-1: Called Strike 2-2: Foul Ball, location: 2F 2-2: Foul Ball, location: 2F 2-2: Foul Ball, location: 2F 2-2: Foul Ball, location: 2F 2-2: Ground out 5-3 (Groundball, 5L) | Top of the 5th over - 1 run, 1 hit, 0 errors, 1 left on base; Richmond 3 - Indiana 3 | BOTTOM OF THE 5TH |
---|
Indiana Hounds batting - Pitching for Richmond Flairs : RHP Manny Silva | Batting: RHB Víctor Márquez | 0-0: Called Strike 0-1: Swinging Strike 0-2: Strikes out swinging, 2-3 out at first. | Batting: RHB Juan Jose Guevana | 0-0: Called Strike 0-1: Ball 1-1: SINGLE (Flyball, 7LS) | Batting: LHB Jim Clemente | 0-0: Called Strike 0-1: Ball 1-1: Called Strike 1-2: Ball 2-2: Ball 3-2: Foul Ball, location: 2F 3-2: Base on Balls Juan Jose Guevana to second | Batting: RHB Roberto Cardona | 0-0: Called Strike 0-1: DOUBLE (Flyball, 8LXD) Juan Jose Guevana scores Jim Clemente to third Runner from 3rd tries for Home, SAFE, no throw | Batting: LHB Pepe Vázquez | 0-0: Ball 1-0: Fly out, F7 (Flyball, 7S) | Batting: LHB Mario Álvarez | 0-0: Ground out 4-3 (Groundball, 4) | Bottom of the 5th over - 2 runs, 2 hits, 0 errors, 1 left on base; Richmond 3 - Indiana 5 | TOP OF THE 6TH |
---|
Richmond Flairs batting - Pitching for Indiana Hounds : LHP Ken Johnston | Batting: RHB R.J. Crosby | 0-0: Ball 1-0: SINGLE (Line Drive, 9S) | Batting: LHB Claudio Rodríguez | 0-0: Reached on error, E4 (Groundball, 4) R.J. Crosby to second | Batting: RHB Christian Hudson | 0-0: Ball 1-0: Called Strike 1-1: Ball 2-1: Ball Wild Pitch! R.J. Crosby to third Claudio Rodríguez to second 3-1: Foul Ball, location: 2F 3-2: Base on Balls | Batting: LHB R.J. Courtney | 0-0: Ball 1-0: Swinging Strike 1-1: Ball 2-1: Foul Ball, location: 2F 2-2: Ball 3-2: Grounds into double play, 5-2-3 (Groundball, 25) Claudio Rodríguez to third Christian Hudson to second | Batting: RHB Alejandro Ramos | 0-0: Ball 1-0: Ball 2-0: Foul Ball, location: 2F 2-1: Foul Ball, location: 2F 2-2: Strikes out swinging | Top of the 6th over - 0 runs, 1 hit, 1 error, 2 left on base; Richmond 3 - Indiana 5 | BOTTOM OF THE 6TH |
---|
Indiana Hounds batting - Pitching for Richmond Flairs : RHP Manny Silva | Pitching: RHP Lorenzo Ramos | | Batting: RHB Bob Lazzeri | 0-0: Ground out 6-3 (Groundball, 56D) | Batting: RHB Anastasio Movonda | 0-0: Called Strike 0-1: Foul Ball, location: 2F 0-2: Ball 1-2: Ball 2-2: Foul Ball, location: 2F 2-2: Strikes out swinging | Batting: RHB Octávio Zúñiga | 0-0: Foul Ball, location: 2F 0-1: Ball 1-1: Ball 2-1: Swinging Strike 2-2: Foul Ball, location: 2F 2-2: Ball 3-2: Ground out 5-3 (Groundball, 5) | Bottom of the 6th over - 0 runs, 0 hits, 0 errors, 0 left on base; Richmond 3 - Indiana 5 | TOP OF THE 7TH |
---|
Richmond Flairs batting - Pitching for Indiana Hounds : LHP Ken Johnston | Pitching: RHP António Encarnación | | Batting: LHB José Garza | 0-0: Swinging Strike 0-1: Ball 1-1: Ball 2-1: SINGLE (Groundball, 34D) | Batting: LHB Roland Jones | 0-0: Ball 1-0: Ball 2-0: Swinging Strike 2-1: Ball 3-1: Foul Ball, location: 2F 3-2: Strikes out swinging | Batting: RHB David Suarze | 0-0: Ball Throwing error on steal attempt, E2 José Garza to third 1-0: Called Strike 1-1: Fly out, F8 (Flyball, 8RD) Runner from 3rd tags up, SCORES, throw made | Batting: RHB Lonson Seals | 0-0: Fly out, F9 (Flyball, 89D) | Top of the 7th over - 1 run, 1 hit, 1 error, 0 left on base; Richmond 4 - Indiana 5 | BOTTOM OF THE 7TH |
---|
Indiana Hounds batting - Pitching for Richmond Flairs : RHP Lorenzo Ramos | Batting: RHB Víctor Márquez | 0-0: Called Strike 0-1: SINGLE (Groundball, 34) (infield hit) | Batting: RHB Juan Jose Guevana | 0-0: Ball 1-0: Foul Ball, location: 2F 1-1: Swinging Strike 1-2: Ball 2-2: Ball 3-2: Foul Ball, location: 2F 3-2: SINGLE (Groundball, 56D) Víctor Márquez to second | Batting: LHB Jim Clemente | 0-0: Swinging Strike 0-1: Ball 1-1: Grounds into double play, 6-4-3 (Groundball, 6) Víctor Márquez to third | Pitching: RHP Adrián Mora | | Batting: RHB Roberto Cardona | 0-0: Called Strike 0-1: Ball 1-1: Foul Ball, location: 2F 1-2: Ball 2-2: Foul Ball, location: 2F 2-2: Ball 3-2: Strikes out swinging, 2-3 out at first. | Bottom of the 7th over - 0 runs, 2 hits, 0 errors, 1 left on base; Richmond 4 - Indiana 5 | TOP OF THE 8TH |
---|
Richmond Flairs batting - Pitching for Indiana Hounds : RHP António Encarnación | Pitching: RHP Mike Meeks | | Batting: RHB R.J. Crosby | 0-0: Fly out, F7 (Flyball, 7LSF) | Batting: LHB Claudio Rodríguez | 0-0: Called Strike 0-1: Ball 1-1: Foul Ball, location: 2F 1-2: Ground out 6-3 (Groundball, 6) | Batting: RHB Christian Hudson | 0-0: Ball 1-0: Ball 2-0: Ball 3-0: Called Strike 3-1: Called Strike 3-2: Foul Ball, location: 2F 3-2: SINGLE (Groundball, 6MD) | Batting: LHB R.J. Courtney | 0-0: Ball 1-0: Called Strike 1-1: Ball 2-1: TRIPLE (Groundball, 3L) Christian Hudson scores | Batting: RHB Alejandro Ramos | 0-0: Ground out 6-3 (Groundball, 56) | Top of the 8th over - 1 run, 2 hits, 0 errors, 1 left on base; Richmond 5 - Indiana 5 | BOTTOM OF THE 8TH |
---|
Indiana Hounds batting - Pitching for Richmond Flairs : RHP Adrián Mora | Batting: LHB Pepe Vázquez | 0-0: Ball 1-0: Ball 2-0: Called Strike 2-1: DOUBLE (Flyball, 8LXD) | Batting: LHB Mario Álvarez | 0-0: Called Strike 0-1: Foul Ball, location: 2F 0-2: Ball 1-2: Ground out 6-3 (Groundball, 56) | Batting: RHB Bob Lazzeri | 0-0: Ball 1-0: Ground out 4-3 (Groundball, 4) Pepe Vázquez to third | Batting: RHB Anastasio Movonda | 0-0: Called Strike 0-1: Fly out, F4 (Line Drive, 4M) | Bottom of the 8th over - 0 runs, 1 hit, 0 errors, 1 left on base; Richmond 5 - Indiana 5 | TOP OF THE 9TH |
---|
Richmond Flairs batting - Pitching for Indiana Hounds : RHP Mike Meeks | Batting: LHB José Garza | 0-0: Ball 1-0: Ball 2-0: Ground out 4-3 (Groundball, 4) | Batting: LHB Roland Jones | 0-0: Ball 1-0: Foul Ball, location: 2F 1-1: Ball 2-1: Called Strike 2-2: Ball 3-2: Fly out, F6 (Line Drive, 6) | Batting: RHB David Suarze | 0-0: Ball 1-0: Called Strike 1-1: Ball 2-1: Fly out, F7 (Flyball, 7LS) | Top of the 9th over - 0 runs, 0 hits, 0 errors, 0 left on base; Richmond 5 - Indiana 5 | BOTTOM OF THE 9TH |
---|
Indiana Hounds batting - Pitching for Richmond Flairs : RHP Adrián Mora | Batting: RHB Octávio Zúñiga | 0-0: Called Strike 0-1: Ball 1-1: SINGLE (Groundball, 56D) | Batting: RHB Víctor Márquez | 0-0: Ball 1-0: Foul Ball, location: 2F 1-1: Foul Ball, location: 2F 1-2: Fly out, F4 (Flyball, 3D) | Batting: RHB Juan Jose Guevana | 0-0: Called Strike Octávio Zúñiga steals 2nd base 0-1: Foul Ball, location: 2F 0-2: Ball 1-2: Foul Ball, location: 2F 1-2: Strikes out swinging | Batting: LHB Jim Clemente | 0-0: Ball 1-0: Called Strike 1-1: Ball 2-1: Ground out 5-3 (Groundball, 25) | Bottom of the 9th over - 0 runs, 1 hit, 0 errors, 1 left on base; Richmond 5 - Indiana 5 | TOP OF THE 10TH |
---|
Richmond Flairs batting - Pitching for Indiana Hounds : RHP Mike Meeks | Pitching: RHP Shannon Wallace | | Batting: RHB Lonson Seals | 0-0: Foul Ball, location: 2F 0-1: Foul Ball, location: 2F 0-2: Ball 1-2: Ball 2-2: Ball 3-2: Strikes out looking | Batting: RHB R.J. Crosby | 0-0: Called Strike 0-1: Foul Ball, location: 2F 0-2: SINGLE (Groundball, 6MD) | Batting: LHB Claudio Rodríguez | 0-0: Foul Ball, location: 2F 0-1: Ball 1-1: Swinging Strike 1-2: Ball 2-2: Ball 3-2: Foul Ball, location: 2F 3-2: Foul Ball, location: 2F 3-2: Foul Ball, location: 2F 3-2: Grounds into double play, 4-6-3 (Groundball, 4) | Top of the 10th over - 0 runs, 1 hit, 0 errors, 0 left on base; Richmond 5 - Indiana 5 | BOTTOM OF THE 10TH |
---|
Indiana Hounds batting - Pitching for Richmond Flairs : RHP Adrián Mora | Batting: RHB Roberto Cardona | 0-0: Hit by Pitch | Batting: LHB Pepe Vázquez | 0-0: Swinging Strike 0-1: Ball 1-1: SINGLE (Groundball, 6MD) Roberto Cardona to second Runner from 2nd tries for 3rd, SAFE, no throw | Batting: LHB Mario Álvarez | 0-0: Ball 1-0: Foul Ball, location: 2F 1-1: SINGLE (Line Drive, 8LM) Roberto Cardona scores | Saturday, December 16th, 2017 - OOTP Baseball 18.8 Build 76 |
|